 Dungeon Crawl Stone Soup version 0.24.0-123-gd5b16e6ec5 (webtiles) character file.

Game seed: 3510411254314695266, levelgen mode: deterministic

152 FishyPogo the Charmwright (level 5, -3/43 HPs)
             Began as a Gnoll Skald on Dec 29, 2019.
             Slain by a gnoll
             ... wielding a +4 vampiric spear
              (5 damage)
             ... on level 3 of the Dungeon.
             The game lasted 00:04:32 (1891 turns).

FishyPogo the Charmwright (Gnoll Skald)             Turns: 1891, Time: 00:04:33

Health: -3/43      AC:  3    Str: 14    XL:     5   Next: 34%
Magic:  8/12       EV: 14    Int: 15    God:
Gold:   204        SH:  0    Dex: 15    Spells: 3/14 levels left

rFire    . . .     SeeInvis .   a - +0 hand axe
rCold    . . .     Gourm    .   (no shield)
rNeg     . . .     Faith    .   b - +0 leather armour
rPois    .         Spirit   .   (no helmet)
rElec    .         Reflect  .   (no cloak)
rCorr    .         Harm     .   (no gloves)
MR       .....                  (no boots)
Stlth    ++........             (no amulet)
HPRegen  0.14/turn              (no ring)
MPRegen  0.13/turn              (no ring)

@: hasted, very quick
A: distributed training, fangs 1, strong nose
a: no special abilities


You were on level 3 of the Dungeon.
You were not hungry.

You visited 1 branch of the dungeon, and saw 3 of its levels.

You collected 204 gold pieces.

Inventory:

Hand Weapons
 a - a +0 hand axe (weapon)
Missiles
 c - 113 stones (quivered)
 t - 16 poisoned darts
Armour
 b - a +0 leather armour (worn)
Wands
 f - a wand of enslavement (2)
Scrolls
 e - a scroll of fear {unknown}
 g - 2 scrolls of remove curse {unknown}
 j - a scroll of teleportation {unknown}
 k - a scroll of magic mapping {unknown}
 n - a scroll of random uselessness {unknown}
 p - a scroll of immolation {unknown}
 q - a scroll of fog {unknown}
 s - a scroll of amnesia {unknown}
Potions
 h - a potion of heal wounds {unknown}
 i - 2 potions of lignification {unknown}
 m - a potion of curing
 o - a potion of magic {unknown}
 u - a potion of degeneration {unknown}
Comestibles
 d - 5 rations
 r - 3 chunks of flesh


   Skills:
 + Level 4.7 Fighting
 + Level 1.4 Short Blades
 + Level 1.4 Long Blades
 + Level 4.7 Axes
 + Level 1.4 Maces & Flails
 + Level 1.4 Polearms
 + Level 1.4 Staves
 + Level 1.4 Slings
 + Level 1.4 Bows
 + Level 1.4 Crossbows
 + Level 1.4 Throwing
 + Level 2.9 Armour
 + Level 4.7 Dodging
 + Level 1.4 Stealth
 + Level 1.4 Shields
 + Level 1.4 Unarmed Combat
 + Level 5.2 Spellcasting
 + Level 1.1 Conjurations
 + Level 1.1 Hexes
 + Level 5.5 Charms
 + Level 1.1 Summonings
 + Level 1.1 Necromancy
 + Level 1.1 Translocations
 + Level 1.1 Transmutations
 + Level 1.1 Fire Magic
 + Level 1.1 Ice Magic
 + Level 1.1 Air Magic
 + Level 1.1 Earth Magic
 + Level 1.1 Poison Magic
 + Level 1.6 Invocations
 + Level 1.4 Evocations


You had 3 spell levels left.
You knew the following spells:

 Your Spells              Type           Power        Failure   Level  Hunger
h - Regeneration          Chrm/Necr      ##........   16%         3    ###....
n - Spectral Weapon       Hex/Chrm       ##......     16%         3    ###....
p - Shroud of Golubria    Chrm/Tloc      ##....       8%          2    ##.....
u - Song of Slaying       Chrm           ###.....     3%          2    ##.....
y - Infusion              Chrm           ###.         1%          1    None

Your spell library contained the following spells:

 Spells                   Type           Power        Failure   Level  Hunger


Dungeon Overview and Level Annotations

Branches:
Dungeon (3/15)

Altars:
Uskayaw

Annotations:
D:3 1 transporter, mys's ghost, weakling DrTm


Innate Abilities, Weirdness & Mutations

Your experience applies equally to all skills.
You have very sharp teeth.
Your uncanny sense of smell can sniff out nearby items.


Message History

You slash the plant! You hit the plant but do no damage.
The gnoll hits you from afar with a +4 vampiric spear!
The gnoll draws strength from your wounds!
Unknown command.
You closely miss the gnoll. You hit the plant but do no damage. x2
Your spectral weapon closely misses the gnoll.
Your spectral weapon hits the plant.
Your spectral weapon barely misses the gnoll.
Your spectral weapon hits the plant but does no damage.
The gnoll barely misses you. The gnoll hits you with a +0 club.
The gnoll hits you from afar with a +4 vampiric spear!
* * * LOW HITPOINT WARNING * * *
It was a potion of curing.
You feel better. The gnoll misses you.
The gnoll hits you from afar with a +4 vampiric spear.
* * * LOW HITPOINT WARNING * * *
It was a potion of haste.
You feel yourself speed up. The gnoll hits you with a +0 club!
* * * LOW HITPOINT WARNING * * *
The gnoll hits you from afar with a +4 vampiric spear.
You die...

.#......≈≈#8.###.###.8#≈≈..#
.#......≈≈#...........#≈≈..#
.#......≈≈###.##'##.###≈≈..#
.#......≈≈..#.#P.P#.#..≈≈..#
.#......≈≈.##.#⌠.⌠#.##.≈≈..#
........≈≈.#..#..P#.g#.≈≈..#
........≈≈.##.##g##.##.≈≈..#
#...........#.#P(P#.#..≈≈..#
##.##.#....©#.'g@.'.#©.≈≈..#
#.##.#.....#.#8⌠8#.#..≈≈..#
#.##.#.≈≈.##.#####.##.≈≈..#
#.##.#.≈≈.#g.#W:"#.©#.≈≈..#
#......≈≈.##.#...#.##.≈≈..#
#......≈≈..#.#g.$#.#..≈≈..#
#......≈≈###.##'##.###≈≈..#
#......≈≈#g..........#≈≈..#
#......≈≈#8.###.###.8#≈≈..#


You could see 2 gnolls and a friendly spectral +0 hand axe.

Vanquished Creatures
  Ijyb (D:3)
  A gnoll (D:3)
  6 adders
  An ooze (D:3)
  A dart slug (D:1)
  A leopard gecko (D:1)
  6 orcs (D:3)
  2 giant cockroaches (D:1)
  4 goblins
  5 hobgoblins
  8 kobolds
  A quokka (D:3)
  A ball python (D:2)
  8 bats
  5 frilled lizards
  7 rats
58 creatures vanquished.

Vanquished Creatures (others)
  A plant (D:3)
1 creature vanquished.

Grand Total: 59 creatures vanquished

Notes
Turn   | Place    | Note
-------+----------+-------------------------------------------
     0 | D:1      | FishyPogo the Gnoll Skald began the quest for the Orb.
     0 | D:1      | Reached XP level 1. HP: 20/20 MP: 6/6
   145 | D:1      | Reached XP level 2. HP: 26/26 MP: 7/7
   672 | D:2      | Reached skill level 5 in Spellcasting
   672 | D:2      | Reached XP level 3. HP: 20/31 MP: 7/9
   731 | D:2      | Reached skill level 1 in Invocations
   735 | D:2      | Learned a level 2 spell: Song of Slaying
   738 | D:2      | Learned a level 2 spell: Shroud of Golubria
   742 | D:2      | Learned a level 3 spell: Regeneration
   746 | D:2      | Learned a level 3 spell: Spectral Weapon
   909 | D:2      | Reached skill level 1 in Short Blades
   909 | D:2      | Reached skill level 1 in Long Blades
   909 | D:2      | Reached skill level 1 in Maces & Flails
   909 | D:2      | Reached skill level 1 in Polearms
   909 | D:2      | Reached skill level 1 in Staves
   909 | D:2      | Reached skill level 1 in Slings
   909 | D:2      | Reached skill level 1 in Bows
   909 | D:2      | Reached skill level 1 in Crossbows
   909 | D:2      | Reached skill level 1 in Throwing
   909 | D:2      | Reached skill level 1 in Stealth
   909 | D:2      | Reached skill level 1 in Shields
   909 | D:2      | Reached skill level 1 in Unarmed Combat
   909 | D:2      | Reached skill level 1 in Evocations
   909 | D:2      | Reached XP level 4. HP: 33/38 MP: 11/11
  1114 | D:2      | Found a hide-covered altar of Uskayaw.
  1366 | D:3      | Noticed Ijyb
  1384 | D:3      | Killed Ijyb
  1384 | D:3      | Reached skill level 1 in Conjurations
  1384 | D:3      | Reached skill level 1 in Hexes
  1384 | D:3      | Reached skill level 1 in Summonings
  1384 | D:3      | Reached skill level 1 in Necromancy
  1384 | D:3      | Reached skill level 1 in Translocations
  1384 | D:3      | Reached skill level 1 in Transmutations
  1384 | D:3      | Reached skill level 1 in Fire Magic
  1384 | D:3      | Reached skill level 1 in Ice Magic
  1384 | D:3      | Reached skill level 1 in Air Magic
  1384 | D:3      | Reached skill level 1 in Earth Magic
  1384 | D:3      | Reached skill level 1 in Poison Magic
  1483 | D:3      | Reached XP level 5. HP: 36/43 MP: 12/12
  1741 | D:3      | Found a transporter.
  1834 | D:3      | Found a transporter.
  1840 | D:3      | Noticed mys's ghost (weakling DrTm)
  1891 | D:3      | HP: 2/43 [gnoll/+0 club (9)]
  1891 | D:3      | Slain by a gnoll

Levels and vault maps discovered:
D:1:      tarquinn_simple_flora_water_d, layout_basic
D:2:      layout_loops_ring, eat_drink_and_be_merry_uskayaw, first_ration,
          grunt_ministairs_5
D:3:      layout_basic, gammafunk_ghost_gnarly_gnolls,
          corexii_item_surrounded_by_moat, minmay_misc_feat_room, uniq_grinder,
          uniq_ijyb

Skill      XL: |  1  2  3  4 |
---------------+-------------+-----
Spellcasting   | 5 |  5.2
Invocations    | 1 |  1.6
Short Blades   | 1 |  1.4
Long Blades    | 1 |  1.4
Maces & Flails | 1 |  1.4
Polearms       | 1 |  1.4
Staves         | 1 |  1.4
Slings         | 1 |  1.4
Bows           | 1 |  1.4
Crossbows      | 1 |  1.4
Throwing       | 1 |  1.4
Stealth        | 1 |  1.4
Shields        | 1 |  1.4
Unarmed Combat | 1 |  1.4
Evocations     | 1 |  1.4
Conjurations   | 1 |  1.1
Hexes          | 1 |  1.1
Summonings     | 1 |  1.1
Necromancy     | 1 |  1.1
Translocations | 1 |  1.1
Transmutations | 1 |  1.1
Fire Magic     | 1 |  1.1
Ice Magic      | 1 |  1.1
Air Magic      | 1 |  1.1
Earth Magic    | 1 |  1.1
Poison Magic   | 1 |  1.1
Fighting       | |  4.7
Axes           | |  4.7
Armour         | |  2.9
Dodging        | |  4.7
Charms         | |  5.5

Action                   |  1- 3 |  4- 6 || total
-------------------------+-------+-------++-------
Melee: Hand axe          |    91 |    84 ||   175
       Bite              |     9 |    10 ||    19
 Cast: Regeneration      |     1 |     1 ||     2
       Shroud of Golubri |       |     4 ||     4
       Spectral Weapon   |       |     3 ||     3
       Infusion          |       |     1 ||     1
       Song of Slaying   |       |     1 ||     1
  Use: Potion            |       |     2 ||     2
 Stab: Sleeping          |     4 |     2 ||     6
  Eat: Chunk             |       |     4 ||     4
Armor: Leather armour    |    20 |    13 ||    33
Dodge: Dodged            |    62 |    67 ||   129
